 Dungeon Crawl Stone Soup version 0.31.0-9-g3a7656b989 (webtiles) character file.

Game seed: 8457711520943768489

46 qw the Shooter (level 3, 0/20 HPs)
             Began as a Deep Elf Hunter on Feb 2, 2024.
             Slain by a quokka (2 damage)
             ... on level 2 of the Dungeon.
             The game lasted 00:00:03 (926 turns).

qw the Shooter (Deep Elf Hunter)                     Turns: 926, Time: 00:00:03

Health: 0/20       AC:  4    Str: 10    XL:     3   Next: 46%
Magic:  5/5        EV: 12    Int: 13    God:
Gold:   63         SH:  0    Dex: 18    Spells: 2/2 levels left

rFire   . . .        a - +0 shortbow
rCold   . . .        (shield currently unavailable)
rNeg    . . .        c - +0 leather armour
rPois   .            (no helmet)
rElec   .            e - +0 cloak
rCorr   .            (no gloves)
SInv    .            (no boots)
Will    .....        (no amulet)
Stlth   ++           (no ring)
HPRegen 0.23/turn    (no ring)
MPRegen 0.09/turn

%: no passive effects
@: no status effects
A: no striking features
a: no special abilities


You were on level 2 of the Dungeon.
You visited 1 branch of the dungeon, and saw 2 of its levels.

You collected 63 gold pieces.


   Skills:
 - Level 1.5 Fighting
 + Level 7.0 Ranged Weapons
 - Level 2.4 Dodging
 - Level 1.2 Stealth


You had 2 spell levels left.
You didn't know any spells.
Your spell library was empty.

Inventory:

Hand Weapons
 a - a +0 shortbow (weapon)
Armour
 b - a +0 ring mail
 c - a +0 leather armour (worn)
 e - a +0 cloak (worn)
Potions
 h - a potion of magic {unknown}

Dungeon Overview and Level Annotations

Branches:
Dungeon (2/15)

Altars:

Shops:
D:2 (=


Message History

The rat bites you but does no damage. The adder closely misses you.
You shoot an arrow. The arrow hits the adder.
The adder is almost dead.
The rat closely misses you. The rat bites you but does no damage.
The rat misses you. The adder bites you.
You are poisoned.
The adder poisons you!
You shoot an arrow. The arrow hits the adder!
You kill the adder!
You feel sick. The rat misses you. The rat bites you.
The rat closely misses you.
Your Ranged Weapons skill increases to level 7!
920 ||| READING scroll of teleportation.
As you read the scroll of teleportation, it crumbles to dust.
You feel strangely unstable.
You feel sick. The rat bites you. The rat bites you but does no damage.
The rat bites you.
You shoot an arrow. The arrow hits the rat.
You kill the rat!
You feel sick.
You are no longer poisoned.
The rat barely misses you. The rat misses you.
A rat comes into view.
The rat closely misses you.
The rat twitches its whiskers.
You shoot an arrow. The arrow barely misses the rat.
Your surroundings suddenly seem different.
A hobgoblin and a quokka come into view.
Found a stone staircase leading down.
You shoot an arrow.
The arrow completely misses the hobgoblin.
The hobgoblin shouts!
You shoot an arrow. The arrow hits the hobgoblin.
The hobgoblin is severely wounded.
You shoot an arrow. The arrow hits the hobgoblin.
You kill the hobgoblin!
You shoot an arrow. The arrow hits the quokka.
The quokka is moderately wounded.
The quokka completely misses you. The quokka bites you.
You die...

### ##.
...#####..
..>......
.......#
#.....#
#.....
#...r#
#...@#
#....#
#....#
#....#
######


You could see a quokka.

Vanquished Creatures
  2 adders (D:2)
  A ribbon worm (D:2)
  2 ball pythons (D:1)
  A bat (D:2)
  3 endoplasms
  2 giant cockroaches (D:1)
  4 hobgoblins
  A quokka (D:1)
  4 frilled lizards
  A goblin (D:1)
  A kobold (D:1)
  4 rats
26 creatures vanquished.

Notes
Turn   | Place    | Note
-------+----------+-------------------------------------------
     0 | D:1      | qw the Deep Elf Hunter began the quest for the Orb.
     0 | D:1      | Reached XP level 1. HP: 12/12 MP: 3/3
     0 | D:1      | 0 ||| qw: Version: 0.3-a-155-g5e7d8dd
     0 | D:1      | 0 ||| qw: Game counter: 2439
     0 | D:1      | 0 ||| qw: Melee chars always use a shield: true
     0 | D:1      | 0 ||| qw: God list: Okawaru
     0 | D:1      | 0 ||| qw: Allow faded altars: false
     0 | D:1      | 0 ||| qw: Do Orc after clearing Dungeon:15 true
     0 | D:1      | 0 ||| qw: Do second Lair branch before Depths: true
     0 | D:1      | 0 ||| qw: Lair rune preference: random
     0 | D:1      | 0 ||| qw: Goals: Normal
     0 | D:1      | 0 ||| PLANNING D:1-11
   244 | D:1      | Reached XP level 2. HP: 16/16 MP: 4/4
   257 | D:1      | Reached skill level 6 in Ranged Weapons
   324 | D:1      | Found a faded altar of an unknown god.
   655 | D:1      | 655 ||| UPGRADING to +0 cloak.
   660 | D:1      | 660 ||| READING 2 scrolls labelled EMMIUS SUNOL.
   664 | D:1      | 664 ||| READING scroll labelled ALE LUASEGU.
   665 | D:1      | 665 ||| READING scroll labelled WOYFAZX WULYN.
   665 | D:1      | 665 ||| IDENTIFYING sapphire potion
   666 | D:1      | 666 ||| READING scroll labelled HUECI ICAZY.
   667 | D:1      | 667 ||| DROPPING scroll of butterflies.
   668 | D:1      | 668 ||| DROPPING potion of attraction.
   683 | D:2      | Found Neoda's Jewellery Emporium.
   686 | D:2      | 686 ||| STAIRDANCE
   706 | D:2      | 706 ||| SHOPLISTING ring of fire (275 gold, have 63).
   706 | D:2      | 706 ||| SHOPLISTING ring of protection from cold (275 gold,
                  | have 63).
   708 | D:2      | Found Vetuib Quduh's Antique Weapon Boutique.
   742 | D:2      | Reached XP level 3. HP: 7/20 MP: 5/5
   919 | D:2      | HP: 5/20 [rat (1)]
   920 | D:2      | Reached skill level 7 in Ranged Weapons
   920 | D:2      | 920 ||| READING scroll of teleportation.
   920 | D:2      | HP: 2/20 [rat (2)]
   926 | D:2      | Slain by a quokka

Levels and vault maps discovered:
D:1:      psy_arrival_fountain, layout_basic,
          shapermc_ecumenical_altar_hornbeckon, kennysheep_pointless_box
D:2:      layout_basic, serial_shops, shop, shop, minmay_rat_hole, uniq_sigmund

Skill      XL: |  1  2  3 |
---------------+----------+-----
Ranged Weapons | 6 7 |  7.0
Fighting       | |  1.5
Dodging        | |  2.4
Stealth        | |  1.2

Action                     || total
---------------------------++-------
   Fire: Shortbow          ||    74
    Use: Scroll            ||     5
 Armour: Leather armour    ||    31
  Dodge: Dodged            ||    44

Table legend:
 A = Non-vault XP
 B = Vault XP
 C = Vault XP percentage of total XP
 D = Non-vault monster count
 E = Vault monster count
 F = Vault count percentage of total count
                 A         B        C        D         E       F
            +---------+---------+-------+---------+---------+-------
      Total |      65 |       2 |   3.0 |      24 |       2 |   7.7
            +---------+---------+-------+---------+---------+-------
        D:1 |      26 |       0 |   0.0 |      16 |       0 |   0.0
        D:2 |      39 |       2 |   4.9 |       8 |       2 |  20.0
            +---------+---------+-------+---------+---------+-------
